[Event "Titled Tuesday Blitz November 15 Early 2022"]
[White "Pein, Jonathan"]
[Black "Jarmula, Lukasz"]
[WhiteFideId "417092"]
[BlackFideId "1160664"]
[WhiteElo "2227"]
[BlackElo "2357"]
[Result "0-1"]
[Round "04"]
[TimeControl "180+1"]
[Date "2022.11.16"]
[WhiteClock "0:00:14"]
[BlackClock "0:01:57"]

1. e4 c5 2. Be2 Nc6 3. d3 e6 4. f4 d5 5. Nf3 dxe4 6. dxe4 Qxd1+ 7. Bxd1 Bd7 8. O-O Nf6 9. Nc3 c4 10. h3 Bb4 11. Bd2 Bxc3 12. Bxc3 Nxe4 13. Bxg7 Rg8 14. Be5 f6 15. Re1 fxe5 16. Rxe4 exf4 17. Rxf4 e5 18. Nxe5 Nxe5 19. Re4 O-O-O 20. Rxe5 Bxh3 21. Bf3 Bxg2 22. Bxg2 Rd2 23. Rc5+ Kb8 24. Rxc4 Rgxg2+ 25. Kf1 Rdf2+ 26. Ke1 Rf8 27. a4 Rg1+ 0-1


[Site "https://www.chess.com"]

[Event "Titled Tuesday Blitz November 15 Early 2022"]
[White "Perez Gormaz, Matias"]
[Black "Sowul, Bartosz"]
[WhiteFideId "3406342"]
[BlackFideId "1137590"]
[WhiteElo "2341"]
[BlackElo "2188"]
[Result "1-0"]
[Round "04"]
[TimeControl "180+1"]
[Date "2022.11.16"]
[WhiteClock "0:00:27"]
[BlackClock "0:00:09"]

1. e4 c5 2. Nf3 d6 3. Bb5+ Nd7 4. c4 Nf6 5. Nc3 g6 6. O-O Bg7 7. d3 O-O 8. Ba4 a6 9. h3 Rb8 10. Rb1 Nb6 11. Bc2 Na8 12. b4 cxb4 13. Rxb4 Nc7 14. Be3 b5 15. Rb1 Ng4 16. Bd2 Ne5 17. Nd4 Bd7 18. cxb5 axb5 19. Be3 b4 20. Nce2 d5 21. f4 Nc6 22. e5 Nb5 23. Nxc6 Bxc6 24. Bc5 d4 25. Bxb4 Qd5 26. Rf2 Rfe8 27. Bb3 Qd7 28. a3 h5 29. Rc1 Ba8 30. f5 gxf5 31. e6 fxe6 32. Nf4 Bd5 33. Nxd5 exd5 34. Qxh5 e6 35. g4 Qf7 36. Qxf7+ Kxf7 37. gxf5 Bh6 38. fxe6+ Kxe6 39. Rc6+ Kd7 40. Rxh6 Rg8+ 41. Rg2 Rxg2+ 42. Kxg2 Nxa3 43. Ba4+ Kc8 44. Bxa3 1-0


[Site "https://www.chess.com"]

[Event "Titled Tuesday Blitz November 15 Early 2022"]
[White "Petrova, Irina"]
[Black "Alhadad, Mahmoud"]
[WhiteFideId "14124122"]
[BlackFideId "11501863"]
[WhiteElo "2023"]
[BlackElo "1955"]
[Result "0-1"]
[Round "04"]
[TimeControl "180+1"]
[Date "2022.11.16"]
[WhiteClock "0:00:10"]
[BlackClock "0:00:38"]

1. e4 d5 2. exd5 Nf6 3. d4 Bg4 4. Nf3 Qxd5 5. Be2 Nc6 6. c4 Qf5 7. O-O e6 8. Nc3 O-O-O 9. Be3 Bd6 10. a3 h5 11. b4 h4 12. b5 Ne7 13. Qa4 Kb8 14. d5 b6 15. Nd4 Qh5 16. Nc6+ Kc8 17. Qa6+ Kd7 18. Nxe7 Kxe7 19. Bxg4 Nxg4 20. h3 Nxe3 21. fxe3 Qe5 22. Rac1 Qh2+ 23. Kf2 Qg3+ 24. Kg1 Rh6 25. dxe6 Qh2+ 26. Kf2 Rf6+ 27. Ke1 Qxg2 28. Nd5+ Kxe6 29. Nxf6 Bg3+ 0-1


[Site "https://www.chess.com"]

[Event "Titled Tuesday Blitz November 15 Early 2022"]
[White "Pg, Mohd Omar Ak Hira"]
[Black "Biastoch, Bennet"]
[WhiteFideId "10500103"]
[BlackFideId "12939889"]
[WhiteElo "2184"]
[BlackElo "2221"]
[Result "1-0"]
[Round "04"]
[TimeControl "180+1"]
[Date "2022.11.16"]
[WhiteClock "0:00:10"]
[BlackClock "0:01:14"]

1. e4 c5 2. Nf3 Nc6 3. d4 cxd4 4. Nxd4 Qb6 5. Nb3 Nf6 6. Nc3 e6 7. Be2 a6 8. O-O Qc7 9. Bg5 Be7 10. Bh4 O-O 11. Bg3 d6 12. Nd4 b5 13. Nxc6 Qxc6 14. e5 Nd5 15. Nxd5 exd5 16. Bf3 Be6 17. exd6 Bxd6 18. Bxd6 Qxd6 19. c3 b4 20. c4 Rad8 21. cxd5 Bxd5 22. Bxd5 Qxd5 23. b3 g6 24. Qe2 a5 25. Rfd1 Qf5 26. h3 h5 27. Rxd8 Rxd8 28. Rd1 Rc8 29. Rd2 Rc1+ 30. Kh2 h4 31. Qe3 Rc8 32. Rd4 Rc2 33. Rd8+ Kg7 34. Qd4+ Qf6 35. Rg8+ Kxg8 36. Qxf6 Rxa2 37. Qd8+ Kg7 38. f3 Ra3 39. Qxh4 Rxb3 40. Qd4+ Kh7 41. Qa7 Ra3 42. Qxf7+ Kh6 43. Qb7 b3 44. h4 a4 45. Kg3 Ra2 46. Qb4 b2 47. Kf4 a3 48. g4 Ra1 49. g5+ Kg7 50. Qe7+ Kg8 51. Qe8+ Kg7 52. Qe7+ Kg8 53. Qe6+ Kf8 54. Qf6+ Ke8 55. Qxg6+ Kd7 56. Qf5+ Kc6 57. Qe6+ Kb5 58. Qd5+ Kb4 59. Qb7+ Kc3 60. Qc6+ Kd2 61. Qd5+ Ke2 62. Qc4+ Ke1 63. Qc3+ Kd1 64. Ke3 b1=Q 65. Qd2# 1-0


[Site "https://www.chess.com"]

[Event "Titled Tuesday Blitz November 15 Early 2022"]
[White "Pichot, Alan"]
[Black "Safin, Robert"]
[WhiteFideId "110973"]
[BlackFideId "34189120"]
[WhiteElo "2560"]
[BlackElo "2253"]
[Result "1-0"]
[Round "04"]
[TimeControl "180+1"]
[Date "2022.11.16"]
[WhiteClock "0:00:53"]
[BlackClock "0:00:01"]

1. d4 Nf6 2. Nf3 d5 3. c4 dxc4 4. e3 a6 5. Bxc4 e6 6. O-O c5 7. b3 b5 8. Be2 Bb7 9. Bb2 Nbd7 10. Nbd2 Be7 11. a4 b4 12. Rc1 O-O 13. Nc4 Rc8 14. Rc2 h6 15. Qa1 Qc7 16. Nce5 Nxe5 17. dxe5 Nd5 18. Nd2 Rfd8 19. Nc4 Nb6 20. Nd6 Rb8 21. Rfc1 Nd7 22. Nxb7 Qxb7 23. Bf3 Qb6 24. Rd1 Nf8 25. g3 a5 26. Qc1 Rxd1+ 27. Qxd1 Rd8 28. Qe2 Nd7 29. Be4 Qc7 30. f4 Nb8 31. Qb5 Qd7 32. Qxd7 Rxd7 33. Kf1 Kf8 34. Ke2 Ke8 35. Rc1 Kd8 36. g4 Kc7 37. Bd3 Kb6 38. Bb5 Rd8 39. Rh1 Na6 40. Bc1 Nc7 41. Bc4 Nd5 42. Bd2 Nc3+ 43. Bxc3 bxc3 44. Bd3 c4 45. bxc4 Bb4 46. h4 Kc5 47. h5 Rd7 48. g5 Rd8 49. g6 fxg6 50. hxg6 Rd7 51. Rd1 Rd8 52. Be4 Rd2+ 53. Rxd2 cxd2 54. Bb7 Kxc4 55. Bc8 Kd5 56. Bd7 Bc3 57. Be8 Ke4 58. Bc6+ Kf5 59. Bf3 Kxg6 60. Kd3 1-0


[Site "https://www.chess.com"]

[Event "Titled Tuesday Blitz November 15 Early 2022"]
[White "Pinero Rodriguez, Carlos Jose"]
[Black "Petrovic, Aleksa"]
[WhiteFideId "3901726"]
[BlackFideId "967629"]
[WhiteElo "2146"]
[BlackElo "2224"]
[Result "0-1"]
[Round "04"]
[TimeControl "180+1"]
[Date "2022.11.16"]
[WhiteClock "0:00:15"]
[BlackClock "0:00:05"]

1. e4 e5 2. Qh5 Nf6 3. Qxe5+ Be7 4. Nc3 O-O 5. Nf3 Re8 6. d3 d5 7. Qg3 dxe4 8. dxe4 Nxe4 9. Nxe4 Bb4+ 10. c3 Rxe4+ 11. Be3 Bd6 12. Qg5 Qe8 13. Bd3 Bf4 14. Qd5 Re7 15. O-O Bxe3 16. fxe3 Nd7 17. e4 Nf6 18. Qb3 c6 19. e5 Ng4 20. Rae1 Be6 21. Qa4 Nh6 22. Bb1 Bd5 23. Be4 Bxe4 24. Qxe4 f5 25. Qc4+ Qf7 26. Qxf7+ Nxf7 27. Re2 Rae8 28. Rfe1 h6 29. e6 Nd8 30. Nd4 g6 31. Kf2 c5 32. Nb5 Rxe6 33. Rxe6 Rxe6 34. Rxe6 Nxe6 35. Nxa7 Kf7 36. Nb5 Kf6 37. Nd6 b6 38. Nc8 b5 39. Nd6 b4 40. cxb4 cxb4 41. a4 Nc5 42. a5 Ke6 43. Nc4 Kd5 44. Nb6+ Kc6 45. Ke3 Kb5 46. Nc8 Na4 47. b3 Nc5 48. Ne7 Nxb3 49. Nxg6 Nxa5 50. Kd2 Ka4 51. Ne7 Ka3 52. Nxf5 b3 53. Ne3 b2 54. Kc2 Ka2 55. Kd3 b1=Q+ 56. Ke2 Qe4 57. Kf2 Nc4 0-1


[Site "https://www.chess.com"]

[Event "Titled Tuesday Blitz November 15 Early 2022"]
[White "Pinheiro, Iung Alicio de O."]
[Black "Alfaro, William"]
[WhiteFideId "2104350"]
[BlackFideId "6100457"]
[WhiteElo "2283"]
[BlackElo "2096"]
[Result "1-0"]
[Round "04"]
[TimeControl "180+1"]
[Date "2022.11.16"]
[WhiteClock "0:00:35"]
[BlackClock "0:01:04"]

1. e4 c5 2. Nf3 Nc6 3. c3 d5 4. exd5 Qxd5 5. d4 cxd4 6. cxd4 Bg4 7. Be2 e6 8. h3 Bh5 9. O-O Bb4 10. Nc3 Bxc3 11. bxc3 Nf6 12. Be3 O-O 13. c4 Qd7 14. Qd2 b6 15. Rfd1 Rfd8 16. Rac1 Rac8 17. g4 Bg6 18. Qb2 Ne4 19. d5 exd5 20. cxd5 Na5 21. Rxc8 Rxc8 22. Bb5 Qd6 23. Rc1 Rxc1+ 24. Qxc1 h6 25. Bc6 Nc5 26. Bf4 Qd8 27. Qe3 Qc8 28. Ne5 Be4 29. f3 Nxc6 30. Nxc6 1-0


[Site "https://www.chess.com"]

[Event "Titled Tuesday Blitz November 15 Early 2022"]
[White "Pino Perez, Lazaro"]
[Black "Figueredo Losada, Leonel"]
[WhiteFideId "3517055"]
[BlackFideId "3507971"]
[WhiteElo "2170"]
[BlackElo "2312"]
[Result "0-1"]
[Round "04"]
[TimeControl "180+1"]
[Date "2022.11.16"]
[WhiteClock "0:01:36"]
[BlackClock "0:02:12"]

1. d4 Nf6 2. Bf4 c5 3. d5 d6 4. Nc3 e5 5. Bg5 Be7 6. Bxf6 Bxf6 7. e4 O-O 8. h3 g6 9. Nf3 Bg7 10. Be2 f5 11. Nd2 Nd7 12. a4 Nf6 13. O-O Bh6 14. Bf3 Bxd2 15. Qxd2 f4 16. a5 g5 17. Qd1 Qe8 18. Bg4 Bxg4 19. hxg4 h5 20. gxh5 g4 0-1


[Site "https://www.chess.com"]

[Event "Titled Tuesday Blitz November 15 Early 2022"]
[White "Potapova, Margarita"]
[Black "Cheparinov, Ivan"]
[WhiteFideId "14126869"]
[BlackFideId "2905540"]
[WhiteElo "2272"]
[BlackElo "2622"]
[Result "0-1"]
[Round "04"]
[TimeControl "180+1"]
[Date "2022.11.16"]
[WhiteClock "0:00:03"]
[BlackClock "0:01:24"]

1. d4 Nf6 2. c4 g6 3. Nc3 d5 4. cxd5 Nxd5 5. e4 Nxc3 6. bxc3 Bg7 7. Be3 c5 8. Nf3 Qa5 9. Qd2 Nc6 10. Rb1 a6 11. Rc1 cxd4 12. cxd4 Qxd2+ 13. Kxd2 e6 14. Bd3 O-O 15. Rc4 Bd7 16. Ke2 Rfd8 17. d5 exd5 18. exd5 Ne7 19. d6 Nd5 20. Bg5 Re8+ 21. Kd2 Re6 22. Be7 Nxe7 23. dxe7 Rxe7 24. Re1 Rxe1 25. Nxe1 Bc6 26. Be4 Rd8+ 27. Kc2 Bb5 28. Rc7 Ba4+ 29. Kc1 Rd1# 0-1


[Site "https://www.chess.com"]

[Event "Titled Tuesday Blitz November 15 Early 2022"]
[White "Pranav, V"]
[Black "Mendonca, Mateus Nakajo"]
[WhiteFideId "25060783"]
[BlackFideId "2110954"]
[WhiteElo "2430"]
[BlackElo "2310"]
[Result "1-0"]
[Round "04"]
[TimeControl "180+1"]
[Date "2022.11.16"]
[WhiteClock "0:00:45"]
[BlackClock "0:00:46"]

1. e4 e5 2. Nf3 Nf6 3. Nc3 Nc6 4. g3 Bc5 5. Bg2 d6 6. d3 O-O 7. O-O a6 8. h3 Ne7 9. Bg5 Ne8 10. d4 exd4 11. Nxd4 h6 12. Be3 Nf6 13. Qd2 Re8 14. Rfe1 Ng6 15. Rad1 Bb4 16. f3 Ne5 17. Qe2 Bd7 18. a3 Bc5 19. f4 Nc6 20. Nxc6 Bxe3+ 21. Qxe3 Bxc6 22. Qd4 Nd7 23. Qf2 Qf6 24. Re3 Re7 25. e5 dxe5 26. Bxc6 bxc6 27. f5 e4 28. Nxe4 Qxb2 29. f6 Rxe4 30. Rxe4 Nxf6 31. Re3 Nd5 32. Rf3 Rf8 33. c4 Nf6 34. Qxb2 1-0


[Site "https://www.chess.com"]

[Event "Titled Tuesday Blitz November 15 Early 2022"]
[White "Prokofiev, Valentyn"]
[Black "Todorovic, Bojan"]
[WhiteFideId "14160161"]
[BlackFideId "917087"]
[WhiteElo "2259"]
[BlackElo "2266"]
[Result "0-1"]
[Round "04"]
[TimeControl "180+1"]
[Date "2022.11.16"]
[WhiteClock "0:00:08"]
[BlackClock "0:00:18"]

1. d4 Nf6 2. c4 g6 3. Nc3 Bg7 4. e4 O-O 5. Nf3 d6 6. Be2 c5 7. O-O Nc6 8. h3 cxd4 9. Nxd4 Nxe4 10. Nxc6 Nxc3 11. Nxe7+ Qxe7 12. bxc3 Bxc3 13. Bh6 Bxa1 14. Qxa1 Qe5 15. Bxf8 Qxa1 16. Rxa1 Kxf8 17. Bf3 Rb8 18. Rd1 Ke7 19. Rf1 Be6 20. Re1 Kd7 21. Re4 Rc8 22. Rh4 h5 23. Bxb7 Rxc4 24. Rxc4 Bxc4 25. a3 Kc7 26. Ba8 Kb6 27. f4 Kb5 28. Kf2 Ka4 29. Ke3 Kxa3 30. Kd4 Be6 31. Kc3 a5 32. Be4 Ka2 33. Bc6 d5 34. Be8 Kb1 35. g4 hxg4 36. hxg4 Kc1 37. f5 gxf5 38. gxf5 Bxf5 39. Bxf7 Be4 40. Kb3 d4 41. Bc4 Bc6 42. Ka2 Kc2 43. Ba6 Kc3 44. Kb1 Be4+ 45. Ka1 Bd5 46. Kb1 Bc4 47. Bc8 d3 48. Bg4 Bb3 49. Ka1 d2 50. Bh5 a4 51. Bg4 a3 52. Bh5 Kd4 53. Bg4 Ke3 54. Kb1 Kf2 55. Bh5 Ke1 56. Bg4 Bc4 57. Kc2 Be2 58. Be6 d1=Q+ 59. Kc3 Qc1+ 60. Kb3 Qb2+ 61. Ka4 Qb5+ 62. Kxa3 Qa6+ 63. Kb2 Qxe6 64. Kc3 Qe5+ 65. Kb4 Qd4+ 66. Kb3 Kd2 67. Ka2 Qb6 68. Ka3 Kc3 69. Ka4 0-1


[Site "https://www.chess.com"]

[Event "Titled Tuesday Blitz November 15 Early 2022"]
[White "Przybylski, Wojciech"]
[Black "Kopylov, Alexander A."]
[WhiteFideId "1117599"]
[BlackFideId "4164857"]
[WhiteElo "2221"]
[BlackElo "2436"]
[Result "1-0"]
[Round "04"]
[TimeControl "180+1"]
[Date "2022.11.16"]
[WhiteClock "0:00:10"]
[BlackClock "0:00:10"]

1. e4 e5 2. Nf3 Nc6 3. Bb5 a6 4. Ba4 d6 5. h3 Bd7 6. c3 Nf6 7. d3 g6 8. O-O Bg7 9. Nbd2 O-O 10. Re1 Qe8 11. Bc2 Nh5 12. Nf1 f5 13. d4 h6 14. dxe5 dxe5 15. Ne3 f4 16. Nd5 Rc8 17. b3 g5 18. Nh2 Nf6 19. Ba3 Rf7 20. f3 h5 21. b4 Be6 22. Bb3 Bf8 23. Qe2 Nh7 24. Rad1 Rg7 25. Bb2 Nd8 26. Kh1 Nf7 27. Qc4 Rg6 28. Qe2 Nh6 29. c4 Bf7 30. c5 g4 31. fxg4 hxg4 32. hxg4 Ng5 33. Rd3 c6 34. Nb6 Rd8 35. Red1 Rxd3 36. Qxd3 Ne6 37. Qd7 Qxd7 38. Rxd7 Ng5 39. Bxe5 Nxe4 40. Bxf7+ Nxf7 41. Bxf4 Bh6 42. g3 Bxf4 43. gxf4 Nf2+ 44. Kg2 Nxg4 45. Nxg4 Rxg4+ 46. Kf3 Rg7 47. Ke4 Kf8 48. Kd4 Rg4 49. Rxb7 Rxf4+ 50. Kc3 Rf3+ 51. Kc4 Ne5+ 52. Kd4 Nd3 53. Nd7+ Ke8 54. Ne5 Nxe5 55. Kxe5 Ra3 56. Kd6 a5 57. Kxc6 axb4 58. Rxb4 Rxa2 59. Rd4 Rc2 60. Kb6 Ke7 61. c6 Rb2+ 62. Kc7 Ke6 63. Kc8 Ke5 64. Rd3 Ke6 65. c7 Ke7 66. Rd4 Ke6 67. Kd8 Ke5 68. Rd1 1-0


[Site "https://www.chess.com"]

[Event "Titled Tuesday Blitz November 15 Early 2022"]
[White "Pultinevicius, Paulius"]
[Black "Suder, Jakub"]
[WhiteFideId "12809390"]
[BlackFideId "1195310"]
[WhiteElo "2493"]
[BlackElo "2243"]
[Result "1-0"]
[Round "04"]
[TimeControl "180+1"]
[Date "2022.11.16"]
[WhiteClock "0:01:23"]
[BlackClock "0:01:55"]

1. b3 Nf6 2. Bb2 e6 3. e3 Be7 4. Nf3 O-O 5. c4 d5 6. Nc3 c5 7. cxd5 exd5 8. d4 Nc6 9. Be2 Bg4 10. dxc5 Bxc5 11. O-O a6 12. Rc1 Ba7 13. h3 Bh5 14. Nd4 Bxe2 15. Ncxe2 Nxd4 16. Bxd4 Bxd4 17. Qxd4 Qd7 18. Nc3 Rfd8 19. Rfd1 Rac8 20. Na4 Rxc1 21. Rxc1 Rc8 22. Rd1 Qf5 23. Nb6 Rd8 24. f3 Qg5 25. e4 Re8 26. Nxd5 Nxd5 27. Qxd5 Qe3+ 28. Kh1 Qe2 29. Qd2 Qb5 30. Qd7 Qe5 31. Qxb7 a5 32. Qb6 1-0


[Site "https://www.chess.com"]

[Event "Titled Tuesday Blitz November 15 Early 2022"]
[White "Quispe Santacruz, Javier"]
[Black "Kirillov, Dmitry"]
[WhiteFideId "3800920"]
[BlackFideId "34180572"]
[WhiteElo "1930"]
[BlackElo "2095"]
[Result "0-1"]
[Round "04"]
[TimeControl "180+1"]
[Date "2022.11.16"]
[WhiteClock "0:00:02"]
[BlackClock "0:00:14"]

1. d4 d5 2. c4 e6 3. Nc3 c6 4. cxd5 exd5 5. Nf3 Nf6 6. Bg5 h6 7. Bh4 Bf5 8. Qb3 g5 9. Bg3 Qb6 10. Qxb6 axb6 11. e3 Nbd7 12. Be2 Bb4 13. O-O Ke7 14. Rfc1 Rhc8 15. a3 Bd6 16. Bxd6+ Kxd6 17. Kf1 b5 18. Ke1 Ne4 19. Nxe4+ Bxe4 20. Kd2 f6 21. Bd3 Bxd3 22. Kxd3 Ra4 23. Rc3 b4 24. Rb3 c5 25. Kd2 Rca8 26. Rc1 c4 27. Rxb4 Rxb4 28. axb4 Ra2 29. Kc2 Nb6 30. Rb1 Na4 31. Nd2 b5 32. f3 f5 33. e4 Nb6 34. exf5 Ke7 35. Re1+ Kf7 36. Re6 Na4 37. Rxh6 Rxb2+ 38. Kc1 c3 39. Nb1 Rxg2 0-1


[Site "https://www.chess.com"]

[Event "Titled Tuesday Blitz November 15 Early 2022"]
[White "Quizon, Daniel"]
[Black "Petrosyan, Manuel"]
[WhiteFideId "5217911"]
[BlackFideId "13300857"]
[WhiteElo "2380"]
[BlackElo "2561"]
[Result "1/2-1/2"]
[Round "04"]
[TimeControl "180+1"]
[Date "2022.11.15"]
[WhiteClock "0:00:10"]
[BlackClock "0:00:07"]

1. Nf3 Nf6 2. c4 g6 3. g3 Bg7 4. Bg2 O-O 5. O-O d6 6. d4 Nc6 7. Nc3 Rb8 8. b3 a6 9. a4 Nb4 10. Bb2 c6 11. e4 a5 12. e5 dxe5 13. dxe5 Ng4 14. Qe2 Bf5 15. Nh4 Qd3 16. Nxf5 gxf5 17. Rad1 Qxe2 18. Nxe2 Bxe5 19. Bd4 Bxd4 20. Nxd4 e6 21. Rd2 Na6 22. h3 Nf6 23. Bf3 Nc5 24. Bd1 Rfd8 25. Bc2 Rd7 26. Rfd1 Rbd8 27. Nf3 Rxd2 28. Rxd2 Rxd2 29. Nxd2 Kg7 30. f3 h6 31. Kf2 Nfd7 32. Ke3 Kf6 33. g4 fxg4 34. hxg4 e5 35. Nf1 Nf8 36. Ng3 Nfe6 37. Nf5 Kg5 38. Nd6 Nd4 39. Bd1 f5 40. f4+ Kf6 41. fxe5+ Kxe5 42. Nf7+ Kf6 43. Kxd4 Ne6+ 44. Kd3 Kxf7 45. gxf5 Nf8 46. Kd4 Nd7 47. Bh5+ Kf6 48. Be8 Ne5 49. Kc5 Nd3+ 50. Kb6 Nc1 51. Kxb7 Nxb3 52. Kxc6 Kxf5 53. Kb6 Ke6 54. c5 Ke7 55. Bb5 Nd4 56. c6 Nf5 57. Kb7 Nd6+ 58. Kb8 h5 59. c7 h4 60. c8=Q Nxc8 61. Kxc8 Kd6 62. Kb7 Kc5 63. Ka6 Kb4 64. Bd7 h3 65. Bxh3 Kxa4 66. Bd7+ Kb4 67. Kb6 Ka3 68. Kxa5 1/2-1/2


[Site "https://www.chess.com"]

[Event "Titled Tuesday Blitz November 15 Early 2022"]
[White "Raahul V S"]
[Black "Schmakel, Sam"]
[WhiteFideId "25035525"]
[BlackFideId "2039311"]
[WhiteElo "2233"]
[BlackElo "2356"]
[Result "0-1"]
[Round "04"]
[TimeControl "180+1"]
[Date "2022.11.16"]
[WhiteClock "0:00:03"]
[BlackClock "0:01:08"]

1. c4 e5 2. Nc3 Nf6 3. Nf3 Nc6 4. e3 Bb4 5. Qc2 Bxc3 6. bxc3 O-O 7. e4 d6 8. g3 Bg4 9. Bg2 Nd7 10. h3 Bh5 11. g4 Bg6 12. d3 a6 13. Qe2 b5 14. Nd2 Nc5 15. h4 f6 16. h5 Bf7 17. cxb5 axb5 18. a3 b4 19. Bb2 Na4 20. Nb1 bxc3 21. Nxc3 Nd4 22. Qd2 Nb3 23. Qd1 Nxb2 24. Qxb3 Bxb3 0-1


[Site "https://www.chess.com"]

[Event "Titled Tuesday Blitz November 15 Early 2022"]
[White "Rakhmanov, Aleksandr"]
[Black "Ovchinnikov, Vsevolod"]
[WhiteFideId "4173708"]
[BlackFideId "24176842"]
[WhiteElo "2530"]
[BlackElo "2376"]
[Result "1-0"]
[Round "04"]
[TimeControl "180+1"]
[Date "2022.11.16"]
[WhiteClock "0:00:28"]
[BlackClock "0:00:03"]

1. d4 Nf6 2. c4 g6 3. Nc3 d5 4. Nf3 Bg7 5. cxd5 Nxd5 6. Qa4+ c6 7. e4 Nb6 8. Qc2 Bg4 9. Ne5 Be6 10. Be3 f6 11. Nf3 O-O 12. Rd1 Bg4 13. Be2 Kh8 14. O-O N8d7 15. h3 Bxf3 16. Bxf3 e6 17. Rfe1 Qe8 18. d5 cxd5 19. exd5 e5 20. d6 Qc8 21. Qb3 f5 22. Nd5 e4 23. Be2 Nxd5 24. Rxd5 Nf6 25. Rc1 Qd8 26. Rdd1 b6 27. d7 Qe7 28. Bb5 Rad8 29. Bf4 Qf7 30. Qxf7 Rxf7 31. Rc8 Rff8 32. Rxd8 Rxd8 33. Bc7 1-0


[Site "https://www.chess.com"]

[Event "Titled Tuesday Blitz November 15 Early 2022"]
[White "Rangel, Daniel"]
[Black "Yuan, Qingyu"]
[WhiteFideId "2124475"]
[BlackFideId "8609772"]
[WhiteElo "2225"]
[BlackElo "2359"]
[Result "0-1"]
[Round "04"]
[TimeControl "180+1"]
[Date "2022.11.16"]
[WhiteClock "0:00:02"]
[BlackClock "0:00:25"]

1. c4 e6 2. g3 d5 3. Bg2 Nf6 4. cxd5 exd5 5. b3 Be7 6. Bb2 O-O 7. e3 c6 8. Ne2 Bf5 9. O-O Nbd7 10. Nf4 Re8 11. Nc3 h6 12. Nce2 a5 13. Nd4 Bh7 14. Nh5 Bd6 15. f4 Nxh5 16. Qxh5 Nf6 17. Qd1 Bd3 18. Re1 a4 19. g4 c5 20. Nf5 Bxf5 21. gxf5 a3 22. Bxf6 Qxf6 23. Bxd5 Qxf5 24. Bxb7 Rad8 25. Qf3 Bc7 26. Re2 Re6 27. Kh1 Qc2 28. d4 Qc3 29. Rg1 cxd4 30. f5 Rxe3 31. Rxe3 Qxe3 32. Qg4 Be5 33. Ba6 d3 34. Bc4 d2 35. Rd1 Rd4 36. Qe2 Qf4 37. Qf1 Qxh2# 0-1


[Site "https://www.chess.com"]

[Event "Titled Tuesday Blitz November 15 Early 2022"]
[White "Ravot, Sylvain"]
[Black "Bilan, Danila"]
[WhiteFideId "627763"]
[BlackFideId "24161918"]
[WhiteElo "2195"]
[BlackElo "2173"]
[Result "0-1"]
[Round "04"]
[TimeControl "180+1"]
[Date "2022.11.16"]
[WhiteClock "0:00:03"]
[BlackClock "0:00:10"]

1. e4 c6 2. d4 d5 3. exd5 cxd5 4. Bd3 Nc6 5. c3 Qc7 6. Ne2 Bg4 7. O-O Nf6 8. Qe1 Bh5 9. f3 Bg6 10. Bxg6 hxg6 11. Bf4 Qd7 12. h3 e6 13. Nd2 Bd6 14. Bxd6 Qxd6 15. f4 O-O-O 16. Nf3 Ne4 17. Ne5 Qc7 18. Ng3 Nd6 19. Qe2 Nf5 20. Nxf5 gxf5 21. Nxc6 Qxc6 22. Rac1 Kb8 23. Qe5+ Qc7 24. Qxg7 Rdg8 25. Qe5 Rxh3 26. Kf2 Rhg3 27. Rg1 Qxe5 28. dxe5 b5 29. Rce1 Kb7 30. Re3 R3g4 31. g3 Rh8 32. Kg2 Kc6 33. Rd3 Kc5 34. Rh1 Rxh1 35. Kxh1 a5 36. a3 Kc4 37. Rd2 Rxg3 38. Kh2 Rf3 39. Rd4+ Kb3 40. Kg2 Re3 41. Rd2 Re1 42. Kf2 Rb1 43. Ke3 Rxb2 44. Rd1 Kxc3 45. Rg1 d4+ 46. Kf3 d3 47. Ke3 Re2+ 48. Kf3 Re4 49. Rc1+ Kb2 50. Rc5 d2 51. Rxb5+ Kxa3 52. Rxa5+ Kb4 53. Ra1 Kc3 54. Rd1 Re1 0-1


[Site "https://www.chess.com"]

[Event "Titled Tuesday Blitz November 15 Early 2022"]
[White "Ricaurte Lopez, Juan Carlos"]
[Black "Orzech, Dominik"]
[WhiteFideId "3600327"]
[BlackFideId "1115065"]
[WhiteElo "2209"]
[BlackElo "2272"]
[Result "0-1"]
[Round "04"]
[TimeControl "180+1"]
[Date "2022.11.16"]
[WhiteClock "0:00:45"]
[BlackClock "0:01:22"]

1. e4 c5 2. Nf3 d6 3. d4 cxd4 4. Nxd4 Nf6 5. Nc3 a6 6. f4 Nbd7 7. Bc4 e6 8. O-O Qc7 9. Bb3 b5 10. Qd3 Bb7 11. Bxe6 Nc5 12. Bxf7+ Qxf7 13. Qe2 O-O-O 14. Ndxb5 axb5 15. Qxb5 Nfxe4 0-1


[Site "https://www.chess.com"]

[Event "Titled Tuesday Blitz November 15 Early 2022"]
[White "Richter, Paul"]
[Black "Zemlyanskii, Ivan"]
[WhiteFideId "2046350"]
[BlackFideId "24249971"]
[WhiteElo "2566"]
[BlackElo "2107"]
[Result "0-1"]
[Round "04"]
[TimeControl "180+1"]
[Date "2022.11.16"]
[WhiteClock "0:00:01"]
[BlackClock "0:00:03"]

1. e4 c5 2. Nf3 d6 3. d4 cxd4 4. Nxd4 Nf6 5. Nc3 a6 6. Be2 e5 7. Nb3 Be7 8. g4 Be6 9. g5 Nfd7 10. Bg4 Nc6 11. Bxe6 fxe6 12. Be3 Qc7 13. Qh5+ g6 14. Qg4 Nf8 15. O-O-O b5 16. h4 Qb7 17. h5 Rg8 18. hxg6 Rxg6 19. Kb1 b4 20. Ne2 a5 21. Nd2 Qb5 22. Rh6 a4 23. Rxg6 hxg6 24. Nc1 d5 25. exd5 exd5 26. f4 d4 27. Bg1 exf4 28. Ne4 Qf5 29. Qf3 Rc8 30. Re1 Ne6 31. Nd3 b3 32. axb3 axb3 33. cxb3 Kf7 34. Bf2 Nxg5 35. Nxg5+ Bxg5 36. Re4 Kg7 37. Be1 Bh6 38. Bf2 Rf8 39. Bxd4+ Nxd4 40. Rxd4 g5 41. Qd5 Qxd5 42. Rxd5 g4 43. Rd4 g3 44. Ne1 f3 0-1


[Site "https://www.chess.com"]

[Event "Titled Tuesday Blitz November 15 Early 2022"]
[White "Rios Escobar, Adan"]
[Black "Gabdrakhmanov, Azat"]
[WhiteFideId "3403645"]
[BlackFideId "34189197"]
[WhiteElo "2354"]
[BlackElo "2254"]
[Result "0-1"]
[Round "04"]
[TimeControl "180+1"]
[Date "2022.11.16"]
[WhiteClock "0:00:01"]
[BlackClock "0:00:09"]

1. d4 Nf6 2. g3 g6 3. Bg2 Bg7 4. e4 O-O 5. Ne2 d6 6. O-O e5 7. Nbc3 exd4 8. Nxd4 Re8 9. Re1 Bd7 10. h3 Nc6 11. Be3 a6 12. a4 Ne5 13. b3 c5 14. Nde2 Bc6 15. Nf4 Qa5 16. Ncd5 Bxd5 17. Nxd5 Nxd5 18. Qxd5 Rad8 19. Rad1 Nc6 20. Bg5 Rd7 21. h4 Nd4 22. Bd2 Qc7 23. c3 Re5 24. Qc4 b5 25. axb5 axb5 26. Qd3 Nxb3 27. Bf4 Re8 28. Qxb5 Rb8 29. Qc4 Be5 30. Bh6 Na5 31. Qd5 Qc6 32. Re3 Qxd5 33. exd5 Bg7 34. Bf4 Nc4 35. Rf3 Ne5 36. Re3 h6 37. Rde1 Rb2 38. R3e2 Rdb7 39. Bxe5 Bxe5 40. c4 Rxe2 41. Rxe2 Rb1+ 42. Bf1 Rc1 43. Ra2 Kg7 44. Kg2 h5 45. Be2 Bd4 46. Rd2 Rc3 47. Rd1 Rc2 48. Kf3 Rc3+ 49. Rd3 Rc2 50. Rd1 f6 0-1


[Site "https://www.chess.com"]

[Event "Titled Tuesday Blitz November 15 Early 2022"]
[White "Ristic, Nebojsa B"]
[Black "Goltsev, Dmitry"]
[WhiteFideId "935468"]
[BlackFideId "24176710"]
[WhiteElo "2320"]
[BlackElo "2289"]
[Result "0-1"]
[Round "04"]
[TimeControl "180+1"]
[Date "2022.11.16"]
[WhiteClock "0:00:28"]
[BlackClock "0:00:08"]

1. d4 Nf6 2. Bf4 d6 3. Nc3 Nbd7 4. Nf3 g6 5. e4 Bg7 6. Qd2 O-O 7. O-O-O Nh5 8. Bh6 c6 9. g4 Nhf6 10. h3 Qa5 11. Kb1 e5 12. dxe5 Nxe5 13. Nxe5 dxe5 14. Bxg7 Kxg7 15. f3 Be6 16. h4 h5 17. g5 Nd7 18. Bh3 Nc5 19. Qh2 Qc7 20. Rd2 Rad8 21. Rhd1 Rxd2 22. Rxd2 Bxh3 23. Qxh3 Rd8 24. Qh2 Rxd2 25. Qxd2 Ne6 26. Ne2 Qb6 27. Qc3 Qf2 28. Qxe5+ Kh7 29. Nc1 Qxf3 30. Qb8 Qxe4 31. Qxb7 Kg7 32. Qxa7 Qxh4 33. a4 Qxg5 34. a5 h4 35. a6 h3 36. Qf2 Qg2 37. Qxg2 hxg2 38. Ne2 Nc7 39. a7 f5 40. b4 f4 41. Ng1 g5 42. Kc1 g4 43. Kd2 Kf6 44. c4 Ke5 45. b5 cxb5 46. cxb5 Na8 47. Kd3 f3 48. Ke3 Kf5 49. Kf2 Kf4 50. Ke1 g3 51. Kd2 f2 52. Ne2+ Kg4 53. b6 Nxb6 54. Nc3 g1=Q 55. Nd5 f1=Q 56. Ne3+ Qxe3+ 57. Kxe3 Na8 58. Ke4 g2 59. Ke5 g1=Q 60. Kd6 Qf4+ 61. Kd7 Qgd4+ 62. Kc8 Qc7# 0-1


[Site "https://www.chess.com"]